[ PARTIDA AOE2 · #477419978 ]
UnrankedJaponeses vs Tupi
[ ANÁLISIS DE REPETICIÓN · EXTRAÍDO DE LA PARTIDA GRABADA ]
Feudal
13:47
Castillos
24:52
Imperial
—
| APM promedio | 40.0 |
| APM pico | 93 |
| eAPM promedio | 16.9 |
| Aldeanos / militares | 52 / 39 |
Foco
⚔️ 29.6% · 🌾 70.4%
Militia ×17 · Samurai ×15 · Fishing Ship ×8 · Battering Ram ×4 · Mangonel ×3 · Unknown (1105) ×1
Feudal
14:52
Castillos
18:35
Imperial
—
| APM promedio | 46.1 |
| APM pico | 90 |
| eAPM promedio | 20.7 |
| Aldeanos / militares | 69 / 23 |
Foco
⚔️ 33.1% · 🌾 66.9%
Unknown (2579) ×63 · Fishing Ship ×14 · Petard ×12 · Battering Ram ×11 · Unknown (2626) ×3
Feudal
13:15
Castillos
25:30
Imperial
—
| APM promedio | 22.2 |
| APM pico | 57 |
| eAPM promedio | 13.7 |
| Aldeanos / militares | 52 / 14 |
Foco
⚔️ 21.0% · 🌾 79.0%
Skirmisher ×8 · Fishing Ship ×4 · Militia ×3 · Spearman ×2 · Archer ×1
Feudal
13:52
Castillos
24:13
Imperial
—
| APM promedio | 58.0 |
| APM pico | 144 |
| eAPM promedio | 27.0 |
| Aldeanos / militares | 130 / 29 |
Foco
⚔️ 17.8% · 🌾 82.2%
Archer ×15 · Petard ×6 · Fishing Ship ×5 · Militia ×3 · Unknown (2626) ×2 · Elephant Archer ×2
Mapa de la partida
Recursos iniciales + cada clic de construcción. Líneas = muros · curvas = relieve. ◆ oro · ⬟ piedra · ● bayas · ✦ reliquia · ◌ hueco del cierre
Tu base· Abierta — hueco de 7t
Base de SirH· Abierta — hueco de 7t
Base de Bvptistvs III· Abierta — hueco de 6t
Base de Cheario· Abierta — flanco sin cerrar
Terreno inicial suavizado · ◌ = hueco del cierre detectado · pasá el cursor para detalles
Inputs por minuto
— TONY MONTANA - - SirH
Build order — TONY MONTANA
Primeras 150 de 160 acciones detectadas
| 0:25 | Construir | Town Center |
| 1:37 | Construir | House |
| 1:38 | Construir | House |
| 2:23 | Encolar | Villager (Male) |
| 2:24 | Encolar | Villager (Male) |
| 2:24 | Encolar | Villager (Male) |
| 2:24 | Encolar | Villager (Male) |
| 2:24 | Encolar | Villager (Male) |
| 4:04 | Investigar | Loom |
| 4:10 | Construir | Dock |
| 4:59 | Encolar | Fishing Ship |
| 4:59 | Encolar | Fishing Ship |
| 5:01 | Encolar | Villager (Male) |
| 5:01 | Encolar | Villager (Male) |
| 5:27 | Encolar | Villager (Male) |
| 5:27 | Encolar | Villager (Male) |
| 5:52 | Construir | House |
| 6:29 | Encolar | Fishing Ship |
| 6:30 | Encolar | Fishing Ship |
| 6:42 | Encolar | Fishing Ship |
| 6:42 | Encolar | Fishing Ship |
| 6:48 | Encolar | Villager (Male) |
| 6:48 | Encolar | Villager (Male) |
| 7:05 | Encolar | Villager (Male) |
| 7:05 | Encolar | Villager (Male) |
| 7:33 | Encolar | Villager (Male) |
| 7:33 | Encolar | Villager (Male) |
| 7:34 | Encolar | Villager (Male) |
| 7:47 | Construir | House |
| 8:09 | Encolar | Fishing Ship |
| 8:30 | Encolar | Villager (Male) |
| 8:49 | Encolar | Villager (Male) |
| 9:01 | Construir | Palisade Gate |
| 9:07 | Construir | Palisade Wall |
| 9:22 | Construir | Palisade Wall |
| 9:23 | Construir | Palisade Wall |
| 9:25 | Construir | Palisade Wall |
| 9:40 | Encolar | Villager (Male) |
| 9:57 | Encolar | Fishing Ship |
| 10:02 | Construir | House |
| 10:06 | Encolar | Villager (Male) |
| 10:26 | Construir | House |
| 10:53 | Construir | Mill |
| 10:58 | Encolar | Villager (Male) |
| 11:27 | Construir | Mining Camp |
| 11:37 | Investigar | Feudal Age |
| 11:52 | Construir | Barracks |
| 12:08 | Construir | Outpost |
| 12:30 | Encolar | Villager (Male) |
| 12:41 | Construir | Mining Camp |
| 12:48 | Construir | Outpost |
| 12:51 | Encolar | Militia |
| 12:51 | Encolar | Militia |
| 12:59 | Encolar | Militia |
| 13:27 | Construir | Outpost |
| 13:30 | Encolar | Militia |
| 13:35 | Encolar | Villager (Male) |
| 13:47 | Edad | Edad Feudal |
| 14:11 | Investigar | Man-at-Arms (upgrade) |
| 14:16 | Encolar | Villager (Male) |
| 14:40 | Encolar | Villager (Male) |
| 14:45 | Construir | House |
| 14:56 | Investigar | Arson |
| 15:12 | Encolar | Villager (Male) |
| 15:14 | Encolar | Militia |
| 15:15 | Encolar | Militia |
| 15:29 | Construir | Watch Tower |
| 15:46 | Encolar | Militia |
| 15:46 | Encolar | Militia |
| 16:06 | Encolar | Villager (Male) |
| 16:06 | Encolar | Villager (Male) |
| 16:35 | Encolar | Villager (Male) |
| 16:49 | Construir | Farm |
| 16:49 | Construir | Farm |
| 16:49 | Construir | Farm |
| 16:49 | Construir | Farm |
| 16:50 | Construir | Farm |
| 17:03 | Encolar | Militia |
| 17:04 | Encolar | Militia |
| 17:13 | Construir | House |
| 17:14 | Construir | House |
| 17:15 | Construir | House |
| 17:42 | Construir | Watch Tower |
| 17:59 | Encolar | Militia |
| 18:08 | Encolar | Villager (Male) |
| 18:08 | Encolar | Villager (Male) |
| 18:46 | Construir | Blacksmith |
| 18:49 | Encolar | Villager (Male) |
| 18:51 | Encolar | Militia |
| 18:51 | Encolar | Militia |
| 19:05 | Construir | Market |
| 19:07 | Encolar | Villager (Male) |
| 19:27 | Encolar | Militia |
| 20:06 | Construir | Watch Tower |
| 20:29 | Encolar | Villager (Male) |
| 20:30 | Encolar | Villager (Male) |
| 20:34 | Construir | Farm |
| 20:34 | Construir | Farm |
| 20:34 | Construir | Farm |
| 20:35 | Construir | Farm |
| 20:35 | Construir | Farm |
| 20:36 | Construir | Farm |
| 20:36 | Construir | Farm |
| 20:36 | Construir | Farm |
| 20:51 | Encolar | Militia |
| 20:51 | Encolar | Militia |
| 20:52 | Encolar | Militia |
| 21:13 | Construir | House |
| 21:13 | Construir | House |
| 21:14 | Construir | House |
| 21:35 | Encolar | Villager (Male) |
| 22:12 | Investigar | Castle Age |
| 24:23 | Construir | Farm |
| 24:40 | Encolar | Villager (Male) |
| 24:40 | Encolar | Villager (Male) |
| 24:52 | Edad | Edad de los Castillos |
| 25:01 | Construir | Castle |
| 25:35 | Encolar | Villager (Male) |
| 25:35 | Encolar | Villager (Male) |
| 25:56 | Construir | Siege Workshop |
| 26:13 | Encolar | Villager (Male) |
| 26:20 | Encolar | Battering Ram |
| 26:20 | Encolar | Battering Ram |
| 26:28 | Encolar | Samurai |
| 26:44 | Encolar | Villager (Male) |
| 26:47 | Encolar | Samurai |
| 27:08 | Encolar | Battering Ram |
| 27:18 | Construir | Palisade Gate |
| 27:27 | Construir | House |
| 27:53 | Encolar | Battering Ram |
| 28:00 | Encolar | Villager (Male) |
| 28:00 | Encolar | Villager (Male) |
| 28:03 | Encolar | Samurai |
| 28:03 | Encolar | Samurai |
| 28:03 | Encolar | Samurai |
| 28:04 | Encolar | Samurai |
| 28:50 | Encolar | Samurai |
| 29:24 | Encolar | Unit 1105 |
| 29:26 | Encolar | Samurai |
| 29:27 | Encolar | Samurai |
| 30:07 | Encolar | Samurai |
| 30:07 | Encolar | Samurai |
| 30:07 | Encolar | Samurai |
| 31:01 | Encolar | Mangonel |
| 31:31 | Construir | Watch Tower |
| 31:38 | Encolar | Villager (Male) |
| 31:38 | Encolar | Villager (Male) |
| 31:38 | Encolar | Villager (Male) |
| 32:03 | Construir | Farm |
| 32:11 | Encolar | Villager (Male) |
Build order — SirH
Primeras 150 de 191 acciones detectadas
| 0:25 | Construir | Town Center |
| 2:19 | Encolar | Villager (Male) |
| 2:19 | Encolar | Villager (Male) |
| 2:19 | Encolar | Villager (Male) |
| 2:20 | Encolar | Villager (Male) |
| 2:20 | Encolar | Villager (Male) |
| 2:28 | Construir | House |
| 3:19 | Investigar | Loom |
| 3:20 | Encolar | Villager (Male) |
| 3:20 | Encolar | Villager (Male) |
| 3:27 | Construir | Dock |
| 3:29 | Construir | House |
| 4:21 | Encolar | Fishing Ship |
| 4:21 | Encolar | Fishing Ship |
| 4:21 | Encolar | Fishing Ship |
| 4:21 | Encolar | Fishing Ship |
| 4:21 | Encolar | Fishing Ship |
| 4:26 | Encolar | Villager (Male) |
| 4:26 | Encolar | Villager (Male) |
| 4:26 | Encolar | Villager (Male) |
| 4:50 | Construir | Outpost |
| 5:09 | Encolar | Villager (Male) |
| 5:09 | Encolar | Villager (Male) |
| 5:18 | Construir | House |
| 5:43 | Encolar | Villager (Male) |
| 5:44 | Encolar | Villager (Male) |
| 6:03 | Encolar | Fishing Ship |
| 6:14 | Encolar | Villager (Male) |
| 6:14 | Encolar | Villager (Male) |
| 6:44 | Encolar | Villager (Male) |
| 6:44 | Encolar | Villager (Male) |
| 6:53 | Encolar | Fishing Ship |
| 7:47 | Encolar | Villager (Male) |
| 7:47 | Encolar | Villager (Male) |
| 7:47 | Encolar | Villager (Male) |
| 7:48 | Encolar | Fishing Ship |
| 8:17 | Construir | Outpost |
| 8:18 | Construir | House |
| 8:23 | Encolar | Fishing Ship |
| 8:45 | Encolar | Villager (Male) |
| 8:46 | Encolar | Villager (Male) |
| 8:56 | Encolar | Villager (Male) |
| 8:56 | Encolar | Villager (Male) |
| 8:57 | Encolar | Fishing Ship |
| 9:24 | Encolar | Fishing Ship |
| 9:35 | Encolar | Villager (Male) |
| 9:45 | Encolar | Villager (Male) |
| 9:46 | Encolar | Fishing Ship |
| 10:26 | Encolar | Villager (Male) |
| 10:27 | Encolar | Fishing Ship |
| 10:57 | Encolar | Villager (Male) |
| 10:58 | Encolar | Fishing Ship |
| 11:35 | Encolar | Villager (Male) |
| 11:41 | Construir | House |
| 11:46 | Encolar | Villager (Male) |
| 12:12 | Construir | Settlement |
| 12:18 | Encolar | Villager (Male) |
| 12:41 | Investigar | Feudal Age |
| 13:00 | Encolar | Villager (Male) |
| 13:00 | Encolar | Villager (Male) |
| 13:11 | Construir | Dock |
| 14:52 | Edad | Edad Feudal |
| 15:04 | Construir | Market |
| 15:17 | Construir | Blacksmith |
| 15:46 | Investigar | Wheelbarrow |
| 15:55 | Investigar | Castle Age |
| 16:14 | Investigar | Fletching |
| 16:25 | Investigar | Stone Mining |
| 16:30 | Investigar | Double-Bit Axe |
| 16:35 | Investigar | Wheelbarrow |
| 16:36 | Encolar | Villager (Male) |
| 16:47 | Encolar | Unit 2626 |
| 17:11 | Encolar | Unit 2626 |
| 17:11 | Encolar | Unit 2626 |
| 17:43 | Construir | House |
| 17:46 | Construir | Palisade Wall |
| 17:46 | Construir | Palisade Wall |
| 17:47 | Construir | Palisade Wall |
| 17:48 | Construir | Palisade Wall |
| 17:49 | Construir | Palisade Wall |
| 17:52 | Construir | Palisade Wall |
| 18:03 | Construir | Palisade Wall |
| 18:35 | Edad | Edad de los Castillos |
| 18:43 | Construir | Castle |
| 19:39 | Investigar | Bodkin Arrow |
| 19:41 | Encolar | Villager (Male) |
| 19:51 | Encolar | Petard |
| 19:52 | Encolar | Petard |
| 19:55 | Encolar | Petard |
| 20:15 | Construir | Settlement |
| 20:31 | Encolar | Villager (Male) |
| 20:34 | Encolar | Petard |
| 21:30 | Encolar | Unit 2579 |
| 21:31 | Encolar | Unit 2579 |
| 21:31 | Encolar | Unit 2579 |
| 21:31 | Encolar | Unit 2579 |
| 21:55 | Encolar | Unit 2579 |
| 21:55 | Encolar | Unit 2579 |
| 22:35 | Construir | Settlement |
| 22:40 | Construir | Settlement |
| 22:41 | Encolar | Unit 2579 |
| 22:42 | Encolar | Unit 2579 |
| 22:42 | Encolar | Unit 2579 |
| 22:42 | Encolar | Unit 2579 |
| 23:22 | Encolar | Unit 2579 |
| 23:22 | Encolar | Unit 2579 |
| 23:37 | Construir | University |
| 23:58 | Investigar | Gold Mining |
| 24:00 | Encolar | Villager (Male) |
| 24:01 | Encolar | Villager (Male) |
| 24:01 | Encolar | Villager (Male) |
| 24:01 | Encolar | Villager (Male) |
| 24:02 | Encolar | Villager (Male) |
| 24:21 | Encolar | Petard |
| 24:21 | Encolar | Petard |
| 24:22 | Encolar | Petard |
| 24:22 | Encolar | Petard |
| 24:23 | Encolar | Petard |
| 24:23 | Encolar | Petard |
| 26:25 | Encolar | Unit 2579 ×5 |
| 26:25 | Encolar | Unit 2579 ×5 |
| 26:25 | Encolar | Unit 2579 ×2 |
| 26:30 | Encolar | Petard |
| 26:31 | Encolar | Petard |
| 26:48 | Encolar | Unit 2579 |
| 26:48 | Encolar | Unit 2579 |
| 26:59 | Encolar | Villager (Male) |
| 26:59 | Encolar | Villager (Male) |
| 26:59 | Encolar | Villager (Male) |
| 27:00 | Encolar | Villager (Male) |
| 28:01 | Investigar | Ballistics |
| 28:06 | Construir | Siege Workshop |
| 28:15 | Encolar | Unit 2579 ×2 |
| 28:15 | Encolar | Unit 2579 ×2 |
| 28:21 | Encolar | Villager (Male) |
| 28:21 | Encolar | Villager (Male) |
| 28:21 | Encolar | Villager (Male) |
| 28:28 | Investigar | Bow Saw |
| 28:30 | Investigar | Gold Shaft Mining |
| 29:07 | Construir | House |
| 29:07 | Encolar | Battering Ram |
| 29:08 | Encolar | Battering Ram |
| 29:33 | Construir | House |
| 29:34 | Construir | House |
| 29:53 | Encolar | Unit 2579 ×3 |
| 31:04 | Construir | Siege Workshop |
| 31:08 | Encolar | Unit 2579 ×5 |
| 31:09 | Encolar | Unit 2579 ×5 |
| 31:11 | Encolar | Villager (Male) |
| 31:11 | Encolar | Villager (Male) |
Build order — Bvptistvs III
121 acciones detectadas en el replay
| 0:48 | Construir | Town Center |
| 1:15 | Construir | Dock |
| 1:18 | Construir | House |
| 2:57 | Encolar | Villager (Male) |
| 2:57 | Encolar | Villager (Male) |
| 2:57 | Encolar | Villager (Male) |
| 3:12 | Encolar | Villager (Male) |
| 3:37 | Construir | House |
| 4:34 | Encolar | Villager (Male) |
| 4:56 | Encolar | Villager (Male) |
| 4:56 | Encolar | Villager (Male) |
| 5:12 | Encolar | Villager (Male) |
| 5:13 | Encolar | Villager (Male) |
| 5:53 | Encolar | Villager (Male) |
| 6:04 | Encolar | Villager (Male) |
| 6:54 | Construir | House |
| 6:59 | Encolar | Villager (Male) |
| 6:59 | Encolar | Villager (Male) |
| 7:08 | Encolar | Villager (Male) |
| 7:39 | Encolar | Fishing Ship |
| 7:55 | Encolar | Villager (Male) |
| 8:19 | Construir | House |
| 8:23 | Encolar | Villager (Male) |
| 8:43 | Encolar | Fishing Ship |
| 8:51 | Encolar | Villager (Male) |
| 8:51 | Encolar | Villager (Male) |
| 8:51 | Encolar | Villager (Male) |
| 9:17 | Encolar | Villager (Male) |
| 9:26 | Construir | Lumber Camp |
| 9:29 | Encolar | Fishing Ship |
| 9:41 | Investigar | Loom |
| 10:05 | Encolar | Villager (Male) |
| 10:40 | Encolar | Villager (Male) |
| 10:53 | Investigar | Feudal Age |
| 11:32 | Construir | Barracks |
| 11:56 | Encolar | Fishing Ship |
| 12:16 | Construir | House |
| 12:22 | Construir | Palisade Wall |
| 12:49 | Encolar | Militia |
| 12:49 | Encolar | Militia |
| 12:51 | Encolar | Militia |
| 13:07 | Encolar | Villager (Male) |
| 13:07 | Encolar | Villager (Male) |
| 13:15 | Edad | Edad Feudal |
| 13:25 | Investigar | Man-at-Arms (upgrade) |
| 13:35 | Investigar | Double-Bit Axe |
| 13:37 | Encolar | Villager (Male) |
| 14:04 | Encolar | Villager (Male) |
| 14:04 | Encolar | Villager (Male) |
| 14:13 | Construir | Palisade Wall |
| 14:34 | Construir | Blacksmith |
| 14:36 | Construir | House |
| 14:50 | Construir | House |
| 15:01 | Encolar | Villager (Male) |
| 15:01 | Encolar | Villager (Male) |
| 15:53 | Construir | Mining Camp |
| 16:08 | Construir | Mill |
| 16:15 | Encolar | Villager (Male) |
| 16:16 | Encolar | Villager (Male) |
| 16:20 | Encolar | Spearman |
| 16:36 | Construir | Archery Range |
| 16:54 | Construir | Farm |
| 16:54 | Construir | Farm |
| 17:01 | Construir | Farm |
| 17:29 | Construir | Farm |
| 17:33 | Encolar | Villager (Male) |
| 17:40 | Construir | House |
| 17:41 | Construir | House |
| 17:45 | Construir | House |
| 18:10 | Encolar | Villager (Male) |
| 18:26 | Encolar | Villager (Male) |
| 18:30 | Encolar | Spearman |
| 18:42 | Construir | Farm |
| 18:46 | Investigar | Castle Age |
| 18:46 | Investigar | Castle Age |
| 18:50 | Construir | House |
| 19:25 | Construir | Lumber Camp |
| 19:30 | Encolar | Villager (Male) |
| 19:30 | Encolar | Villager (Male) |
| 20:09 | Construir | Lumber Camp |
| 20:33 | Construir | Mining Camp |
| 21:30 | Construir | Town Center |
| 22:42 | Construir | Watch Tower |
| 22:45 | Encolar | Villager (Male) |
| 22:46 | Encolar | Villager (Male) |
| 22:46 | Encolar | Villager (Male) |
| 22:46 | Encolar | Villager (Male) |
| 22:46 | Encolar | Villager (Male) |
| 22:49 | Investigar | Castle Age |
| 22:49 | Investigar | Castle Age |
| 24:06 | Construir | Archery Range |
| 24:13 | Construir | Archery Range |
| 24:42 | Construir | House |
| 24:46 | Construir | House |
| 24:50 | Construir | House |
| 24:54 | Construir | House |
| 25:12 | Construir | House |
| 25:14 | Construir | House |
| 25:17 | Construir | House |
| 25:26 | Encolar | Villager (Male) |
| 25:26 | Encolar | Villager (Male) |
| 25:26 | Encolar | Villager (Male) |
| 25:27 | Encolar | Villager (Male) |
| 25:30 | Edad | Edad de los Castillos |
| 25:51 | Construir | Watch Tower |
| 26:49 | Encolar | Skirmisher |
| 26:50 | Encolar | Skirmisher |
| 26:50 | Encolar | Skirmisher |
| 26:50 | Encolar | Skirmisher |
| 27:08 | Encolar | Villager (Male) |
| 27:08 | Encolar | Villager (Male) |
| 27:08 | Encolar | Villager (Male) |
| 27:09 | Encolar | Villager (Male) |
| 27:43 | Encolar | Skirmisher |
| 27:44 | Encolar | Skirmisher |
| 27:44 | Encolar | Skirmisher |
| 27:44 | Encolar | Skirmisher |
| 27:55 | Encolar | Villager (Male) |
| 27:55 | Encolar | Villager (Male) |
| 27:56 | Encolar | Villager (Male) |
| 28:20 | Encolar | Archer |
Build order — Cheario
Primeras 150 de 242 acciones detectadas
| 0:13 | Construir | House |
| 0:18 | Construir | Town Center |
| 1:36 | Construir | Dock |
| 2:33 | Encolar | Villager (Male) |
| 2:33 | Encolar | Villager (Male) |
| 2:33 | Encolar | Villager (Male) |
| 2:33 | Encolar | Villager (Male) |
| 2:33 | Encolar | Villager (Male) |
| 2:33 | Encolar | Villager (Male) |
| 2:33 | Encolar | Villager (Male) |
| 2:33 | Encolar | Villager (Male) |
| 2:33 | Encolar | Villager (Male) |
| 2:33 | Encolar | Villager (Male) |
| 4:07 | Encolar | Villager (Male) |
| 4:07 | Encolar | Villager (Male) |
| 4:07 | Encolar | Villager (Male) |
| 4:07 | Encolar | Villager (Male) |
| 4:07 | Encolar | Villager (Male) |
| 4:07 | Encolar | Villager (Male) |
| 4:07 | Encolar | Villager (Male) |
| 4:07 | Encolar | Villager (Male) |
| 4:07 | Encolar | Villager (Male) |
| 4:17 | Encolar | Fishing Ship |
| 4:41 | Encolar | Villager (Male) |
| 4:41 | Encolar | Villager (Male) |
| 4:41 | Encolar | Villager (Male) |
| 4:41 | Encolar | Villager (Male) |
| 4:41 | Encolar | Villager (Male) |
| 4:41 | Encolar | Villager (Male) |
| 4:41 | Encolar | Villager (Male) |
| 4:41 | Encolar | Villager (Male) |
| 4:41 | Encolar | Villager (Male) |
| 5:23 | Encolar | Villager (Male) |
| 5:23 | Encolar | Villager (Male) |
| 5:23 | Encolar | Villager (Male) |
| 5:23 | Encolar | Villager (Male) |
| 5:23 | Encolar | Villager (Male) |
| 5:23 | Encolar | Villager (Male) |
| 5:23 | Encolar | Villager (Male) |
| 5:23 | Encolar | Villager (Male) |
| 5:37 | Investigar | Loom |
| 5:43 | Construir | House |
| 5:53 | Encolar | Fishing Ship |
| 5:59 | Construir | House |
| 6:09 | Encolar | Villager (Male) |
| 6:09 | Encolar | Villager (Male) |
| 6:09 | Encolar | Villager (Male) |
| 6:09 | Encolar | Villager (Male) |
| 6:09 | Encolar | Villager (Male) |
| 6:09 | Encolar | Villager (Male) |
| 6:09 | Encolar | Villager (Male) |
| 6:20 | Encolar | Fishing Ship |
| 6:24 | Encolar | Villager (Male) |
| 6:24 | Encolar | Villager (Male) |
| 6:24 | Encolar | Villager (Male) |
| 6:24 | Encolar | Villager (Male) |
| 6:24 | Encolar | Villager (Male) |
| 6:24 | Encolar | Villager (Male) |
| 6:24 | Encolar | Villager (Male) |
| 6:44 | Encolar | Fishing Ship |
| 7:03 | Construir | House |
| 7:06 | Encolar | Villager (Male) |
| 7:06 | Encolar | Villager (Male) |
| 7:07 | Encolar | Villager (Male) |
| 7:07 | Encolar | Villager (Male) |
| 7:07 | Encolar | Villager (Male) |
| 7:07 | Encolar | Villager (Male) |
| 7:07 | Encolar | Villager (Male) |
| 7:07 | Encolar | Villager (Male) |
| 7:09 | Construir | House |
| 7:12 | Encolar | Villager (Male) |
| 7:12 | Encolar | Villager (Male) |
| 7:12 | Encolar | Villager (Male) |
| 7:12 | Encolar | Villager (Male) |
| 7:31 | Encolar | Villager (Male) |
| 7:31 | Encolar | Villager (Male) |
| 7:31 | Encolar | Villager (Male) |
| 7:31 | Encolar | Villager (Male) |
| 7:31 | Encolar | Villager (Male) |
| 7:31 | Encolar | Villager (Male) |
| 7:32 | Encolar | Villager (Male) |
| 8:01 | Construir | Lumber Camp |
| 8:17 | Encolar | Villager (Male) |
| 8:17 | Encolar | Villager (Male) |
| 8:46 | Construir | House |
| 9:04 | Encolar | Villager (Male) |
| 9:13 | Construir | Mill |
| 9:37 | Encolar | Villager (Male) |
| 9:37 | Encolar | Villager (Male) |
| 9:55 | Construir | Palisade Wall |
| 9:57 | Construir | Palisade Wall |
| 10:01 | Construir | Palisade Wall |
| 10:07 | Construir | Palisade Wall |
| 10:19 | Encolar | Villager (Male) |
| 10:35 | Construir | Barracks |
| 11:03 | Encolar | Villager (Male) |
| 11:03 | Encolar | Villager (Male) |
| 11:12 | Construir | Mining Camp |
| 11:26 | Construir | Mill |
| 11:32 | Construir | House |
| 11:42 | Investigar | Feudal Age |
| 12:10 | Construir | House |
| 13:14 | Encolar | Militia |
| 13:19 | Construir | Dock |
| 13:25 | Encolar | Villager (Male) |
| 13:52 | Edad | Edad Feudal |
| 13:57 | Investigar | Double-Bit Axe |
| 13:58 | Encolar | Villager (Male) |
| 14:06 | Construir | Archery Range |
| 14:11 | Investigar | Man-at-Arms (upgrade) |
| 14:22 | Construir | Blacksmith |
| 14:31 | Encolar | Villager (Male) |
| 14:46 | Encolar | Militia |
| 14:52 | Encolar | Villager (Male) |
| 15:00 | Encolar | Archer |
| 15:00 | Encolar | Archer |
| 15:01 | Encolar | Archer |
| 15:07 | Encolar | Villager (Male) |
| 15:26 | Encolar | Militia |
| 15:39 | Construir | Watch Tower |
| 16:40 | Construir | Stone Wall |
| 16:42 | Encolar | Archer |
| 16:47 | Encolar | Villager (Male) |
| 16:47 | Encolar | Villager (Male) |
| 16:50 | Construir | Stone Wall |
| 16:51 | Construir | Stone Wall |
| 16:53 | Construir | Stone Wall |
| 17:34 | Encolar | Archer |
| 17:50 | Construir | Market |
| 17:56 | Encolar | Villager (Male) |
| 17:56 | Encolar | Villager (Male) |
| 18:15 | Investigar | Fletching |
| 18:54 | Encolar | Archer |
| 18:54 | Encolar | Archer |
| 19:01 | Encolar | Villager (Male) |
| 19:01 | Encolar | Villager (Male) |
| 19:11 | Investigar | Gold Mining |
| 19:21 | Encolar | Villager (Male) |
| 19:50 | Encolar | Archer |
| 19:53 | Construir | Stone Wall |
| 19:55 | Construir | Stone Wall |
| 20:03 | Encolar | Villager (Male) |
| 20:13 | Encolar | Archer |
| 20:24 | Encolar | Archer |
| 21:02 | Encolar | Villager (Male) |
| 21:33 | Investigar | Castle Age |
| 21:38 | Encolar | Villager (Male) |
| 21:42 | Encolar | Villager (Male) |
| 22:05 | Construir | House |
| 22:05 | Construir | House |
Cronología de la partida
| 1:15 | Bvptistvs III · first_building Dock |
| 1:36 | Cheario · first_building Dock |
| 3:27 | SirH · first_building Dock |
| 4:10 | TONY MONTANA · first_building Dock |
| 9:07 | TONY MONTANA · wall_segment Palisade Wall x1 |
| 9:22 | TONY MONTANA · wall_segment Palisade Wall x1 |
| 9:23 | TONY MONTANA · wall_segment Palisade Wall x1 |
| 9:25 | TONY MONTANA · wall_segment Palisade Wall x1 |
| 9:55 | Cheario · wall_segment Palisade Wall x1 |
| 9:57 | Cheario · wall_segment Palisade Wall x1 |
| 10:01 | Cheario · wall_segment Palisade Wall x1 |
| 10:07 | Cheario · wall_segment Palisade Wall x1 |
| 10:35 | Cheario · first_building Barracks |
| 11:32 | Bvptistvs III · first_building Barracks |
| 11:52 | TONY MONTANA · first_building Barracks |
| 12:22 | Bvptistvs III · wall_segment Palisade Wall x1 |
| 13:15 | Bvptistvs III · age_up feudal |
| 13:47 | TONY MONTANA · age_up feudal |
| 13:52 | Cheario · age_up feudal |
| 14:06 | Cheario · first_building Archery Range |
| 14:13 | Bvptistvs III · wall_segment Palisade Wall x14 |
| 14:52 | SirH · age_up feudal |
| 16:36 | Bvptistvs III · first_building Archery Range |
| 16:40 | Cheario · wall_segment Stone Wall x1 |
| 16:50 | Cheario · wall_segment Stone Wall x1 |
| 16:51 | Cheario · wall_segment Stone Wall x1 |
| 16:53 | Cheario · wall_segment Stone Wall x1 |
| 17:46 | SirH · wall_segment Palisade Wall x1 |
| 17:46 | SirH · wall_segment Palisade Wall x1 |
| 17:47 | SirH · wall_segment Palisade Wall x1 |
| 17:48 | SirH · wall_segment Palisade Wall x1 |
| 17:49 | SirH · wall_segment Palisade Wall x1 |
| 17:52 | SirH · wall_segment Palisade Wall x9 |
| 18:03 | SirH · wall_segment Palisade Wall x3 |
| 18:35 | SirH · age_up castle |
| 18:43 | SirH · first_building Castle |
| 18:45 | Cheario · first_market_sell 100 food |
| 18:45 | Cheario · first_market_buy 100 stone |
| 19:53 | Cheario · wall_segment Stone Wall x1 |
| 19:55 | Cheario · wall_segment Stone Wall x1 |
| 21:42 | TONY MONTANA · first_market_buy 100 food |
| 22:03 | TONY MONTANA · first_market_sell 100 stone |
| 24:13 | Cheario · age_up castle |
| 24:51 | Cheario · first_building Castle |
| 24:52 | TONY MONTANA · age_up castle |
| 24:57 | Cheario · wall_segment Stone Wall x1 |
| 24:59 | Cheario · wall_segment Stone Wall x1 |
| 25:01 | TONY MONTANA · first_building Castle |
| 25:17 | Cheario · wall_segment Stone Wall x2 |
| 25:30 | Bvptistvs III · age_up castle |
| 25:56 | TONY MONTANA · first_building Siege Workshop |
| 28:06 | SirH · first_building Siege Workshop |
| 28:31 | Bvptistvs III · resign |
[ ANÁLISIS IA · 1 CRÉDITO ]
¿Qué pasó realmente en esta partida?
Wolo.gg analiza cada decisión: build order, eco, micro, errores típicos por bracket. Análisis personalizado por WhatsApp o Discord en 30 segundos.
Guía civ
Japoneses
Perfil
Jugador #23872830